 Dungeon Crawl Stone Soup version 0.20-a0-672-gd6c3c51 (webtiles) character file.

2169 HEYYEYAAE the Basher (level 9, 0/89 HPs)
             Began as a Troll Berserker on Feb 17, 2017.
             Was a Priest of Trog.
             Slain by a killer bee (1 damage)
             ... on level 6 of the Dungeon.
             The game lasted 00:06:04 (4095 turns).

HEYYEYAAE the Basher (Troll Berserker)              Turns: 4095, Time: 00:06:05

Health: 0/89       AC:  7    Str: 30    XL:     9   Next: 11%
Magic:  8/8        EV: 10    Int:  3    God:    Trog [***...]
Gold:   346        SH:  0    Dex:  9    Spells: 8/8 levels left

rFire    . . .     SeeInvis .   x - +1 trident (flame)
rCold    + . .     Gourm    +   D - +0 troll leather armour {Purgy}
rNeg     + . .     Faith    .   (no shield)
rPois    .         Spirit   .   (helmet restricted)
rElec    .         Reflect  .   (no cloak)
rCorr    .         Harm     .   (gloves unavailable)
MR       ++...                  (boots unavailable)
Stlth    +.........             j - amulet of the gourmand (curse)
Regen    2.1/turn               I - ring of protection from cold
MPRegen  0.2/turn               i - ring of positive energy

@: lethally poisoned (0 -> -1), exhausted, regenerating, slowed, very slow
A: unfitting armour, claws 3, fast metabolism 3, gourmand, regeneration 1,
shaggy fur 1, tough skin 2
a: Berserk, Trog's Hand, Burn Spellbooks, Renounce Religion


You were on level 6 of the Dungeon.
You worshipped Trog.
Trog was most pleased with you.
You were full.

You visited 1 branch of the dungeon, and saw 6 of its levels.
You also visited: Sewer.

You collected 346 gold pieces.

Inventory:

Hand Weapons
 a - a +1 mace
 x - a +1 trident of flaming (weapon)
 G - a +1 flail of crushing
Armour
 b - a +0 animal skin
 D - a +0 troll leather armour (worn) {Purgy}
Jewellery
 i - a ring of positive energy (left claw)
 j - a cursed amulet of the gourmand (around neck)
 I - a ring of protection from cold (right claw)
Wands
 y - a wand of polymorph (10/24)
Scrolls
 d - 2 scrolls of recharging
 e - 4 scrolls of remove curse
 f - 4 scrolls of enchant weapon
 n - 2 scrolls of teleportation
 o - 2 scrolls of noise
 u - a scroll of enchant armour
 w - 2 scrolls of blinking
 z - a scroll of acquirement {unknown}
 B - a scroll of fear {unknown}
 F - a scroll of amnesia {unknown}
 H - a scroll of magic mapping {unknown}
 J - a scroll of brand weapon {unknown}
Potions
 g - 2 potions of lignification
 h - 2 potions of magic
 k - 2 potions of invisibility
 p - a potion of ambrosia {unknown}
 q - 6 potions of curing
 s - 2 potions of heal wounds {unknown}
 t - 3 potions of haste {unknown}
 v - 2 potions of degeneration {unknown}
 A - 3 potions of mutation {unknown}
 C - a potion of flight {unknown}
 E - a potion of agility
 L - a potion of brilliance {unknown}
Comestibles
 c - 8 bread rations
 l - 3 fruits
 m - 2 meat rations
 r - 4 royal jellies


   Skills:
 + Level 6.2 Fighting
 * Level 9.5 Maces & Flails
 - Level 2.4 Dodging


You had 8 spell levels left.
You didn't know any spells.

Dungeon Overview and Level Annotations

Branches:
Dungeon (6/15)
 Temple: D:4-7

Altars:
Elyvilon
Makhleb
Ru
Yredelemnul

Annotations:
D:6 2 runed doors


Innate Abilities, Weirdness & Mutations

You are too large for most types of armour.
You have claws for hands.
Your metabolism is lightning-fast.
You like to eat raw meat.
Your natural rate of healing is unusually fast.
You are covered in fur. (AC +1)
You have very tough skin. (AC +2)


Message History

The killer bee buzzes angrily. x2
The killer bee stings you but does no damage.
The killer bee closely misses you. The killer bee stings you.
* * * LOW HITPOINT WARNING * * *
You are poisoned.
The killer bee poisons you! The killer bee barely misses you. x2
The killer bee stings you.
* * * LOW HITPOINT WARNING * * *
The killer bee stings you.
* * * LOW HITPOINT WARNING * * *
The killer bee stings you!
* * * LOW HITPOINT WARNING * * *
The killer bee stings you.
* * * LOW HITPOINT WARNING * * *
The killer bee stings you.
* * * LOW HITPOINT WARNING * * *
The killer bee stings you.
* * * LOW HITPOINT WARNING * * *
The killer bee stings you.
You die...

#####.#..###a#S#.###..# #
#.#.##.a.#a#.S.##.##
#####.÷.#....'a'.aS.#..#
......÷÷#..?a#a#a...#..#
###....[#...s#)#....#..# #
#.##..#...#####...#..#
###.###.##+##..y##+##..####
....# #..##...yyyy##......#
###.####..##..yy@##..####.#
###.##.....##.yy##..#####.#
............#..y#...#... .#
....##.####.##.##.#....# .#
.............#+#..#.##.# .##
############.#)#.##....##..#
#.###.......<...# ##
#..#........#...# .#
#..#............#


You could see 3 worker ants and 10 killer bees.

Vanquished Creatures
  Grinder (D:6)
  Sigmund (D:3)
  Eustachio (D:6)
  A soldier ant (D:6)
  3 water moccasins (D:6)
  The ghost of HEYYEYAAE the Cudgeler, an amateur TrBe of Trog (D:3)
  Purgy (Sewer)
  2 phantoms
  2 bullfrogs (D:6)
  A scorpion (D:5)
  A crimson imp (D:5)
  5 orc priests
  A bullfrog skeleton (D:4)
  Ijyb (D:3)
  Jessica (D:2)
  4 orc wizards
  Natasha (twice) (D:2)
  A worker ant (D:4)
  9 adders
  3 gnolls (D:4)
  2 oozes
  7 worms
  5 dart slugs
  4 leopard geckos
  6 orcs
  8 bats
  5 giant cockroaches
  10 goblins
  5 hobgoblins
  7 jackals
  4 quokkas
  2 ball pythons (D:1)
  6 frilled lizards
  2 gnoll zombies (D:5)
  9 kobolds
  A quokka skeleton (D:5)
  2 rats
127 creatures vanquished.

Notes
Turn   | Place    | Note
-------+----------+-------------------------------------------
     0 | D:1      | HEYYEYAAE the Troll Berserker began the quest for the Orb.
     0 | D:1      | Reached XP level 1. HP: 22/22 MP: 0/0
    38 | D:1      | Reached skill level 3 in Maces & Flails
    65 | D:1      | Reached XP level 2. HP: 26/29 MP: 1/1
   574 | D:1      | Reached XP level 3. HP: 36/36 MP: 2/2
   689 | D:2      | Reached ** piety under Trog
   706 | D:2      | Noticed Natasha
   727 | D:2      | Killed Natasha
   727 | D:2      | Reached skill level 4 in Maces & Flails
   772 | D:2      | Reached XP level 4. HP: 44/44 MP: 3/3
  1142 | D:2      | Noticed Jessica
  1147 | D:2      | Killed Jessica
  1320 | D:2      | Noticed Natasha
  1334 | D:2      | Killed Natasha
  1334 | D:2      | Reached XP level 5. HP: 17/53 MP: 4/4
  1371 | D:3      | Noticed HEYYEYAAE's ghost (amateur TrBe)
  1423 | D:3      | Noticed Sigmund
  1448 | D:3      | Killed Sigmund
  1448 | D:3      | Reached skill level 5 in Maces & Flails
  1448 | D:3      | Reached XP level 6. HP: 56/62 MP: 5/5
  1485 | D:3      | Noticed Ijyb
  1528 | D:3      | Killed Ijyb
  1553 | D:3      | Killed HEYYEYAAE's ghost
  1553 | D:3      | Reached skill level 6 in Maces & Flails
  1727 | D:3      | Reached XP level 7. HP: 64/70 MP: 6/6
  2044 | D:3      | Found a white marble altar of Elyvilon.
  2264 | D:4      | Reached *** piety under Trog
  2487 | D:4      | Found a glowing drain.
  2496 | Sewer    | Entered a sewer
  2628 | Sewer    | Noticed Purgy
  2638 | Sewer    | Killed Purgy
  2638 | Sewer    | Reached skill level 7 in Maces & Flails
  2893 | D:4      | Found a sacrificial altar of Ru.
  2895 | D:4      | Found a burning altar of Makhleb.
  3046 | D:5      | Entered Level 5 of the Dungeon
  3133 | D:5      | Reached skill level 5 in Fighting
  3133 | D:5      | Reached XP level 8. HP: 74/80 MP: 7/7
  3368 | D:5      | Found a basalt altar of Yredelemnul.
  3692 | D:6      | Noticed Eustachio
  3723 | D:6      | Killed Eustachio
  3723 | D:6      | Reached skill level 8 in Maces & Flails
  3895 | D:6      | Found a runed door.
  3895 | D:6      | Noticed Grinder
  3901 | D:6      | Found a runed gate.
  3906 | D:6      | Paralysed by Grinder for 6 turns
  3915 | D:6      | Paralysed by Grinder for 3 turns
  3924 | D:6      | Paralysed by Grinder for 4 turns
  3941 | D:6      | Killed Grinder
  3941 | D:6      | Reached skill level 9 in Maces & Flails
  3988 | D:6      | Found a runed door.
  4005 | D:6      | Found a runed gate.
  4005 | D:6      | Found a runed gate.
  4077 | D:6      | Reached XP level 9. HP: 45/89 MP: 8/8
  4095 | D:6      | HP: 1/89 [killer bee (6)]
  4095 | D:6      | Slain by a killer bee

Vault maps used:
D:1:      dpeg_arrival_shrine
D:2:      hangedman_decor_riveting, uniq_natasha, uniq_jessica
D:3:      lemuel_round_altar, first_bread, hex_tiny, uniq_sigmund, uniq_iyjb
D:4:      nicolae_overflow_hidden_temple, portal_sewer_entry_d
D:5:      lemuel_zombie_altar_yredelemnul, amethyst_killhole
D:6:      kennysheep_little_box, minmay_temple_entry_poolview,
          minmay_guarded_unrand_staff_of_olgreb, uniq_grinder, uniq_eustachio
Sewer:    kennysheep_door_sewer

Skill      XL: |  1  2  3  4  5  6  7  8 |
---------------+-------------------------+-----
Maces & Flails | 3 4 5 6 7 9 |  9.5
Fighting       | 3 4 5 6 |  6.2
Dodging        | |  2.4

Action                   |  1- 3 |  4- 6 |  7- 9 || total
-------------------------+-------+-------+-------++-------
Melee: Mace              |   105 |   160 |   132 ||   397
       Trident           |       |       |   231 ||   231
Invok: Berserk           |     1 |     4 |     3 ||     8
       Trog's Hand       |     1 |     4 |     3 ||     8
  Use: Scroll            |       |       |    14 ||    14
       Potion            |       |       |     2 ||     2
 Stab: Sleeping          |     1 |       |     1 ||     2
  Eat: Chunk             |    14 |    14 |    25 ||    53
Armor: Animal skin       |    51 |    61 |    72 ||   184
       Troll leather arm |       |       |   141 ||   141
Dodge: Dodged            |    60 |   102 |   241 ||   403
